 Dungeon Crawl Stone Soup version 0.14-a0-1707-g75daffb (webtiles) character file.

3073 Jenx the Covert (level 10, -11/56 HPs)
             Began as a Kobold Berserker on Dec 31, 2013.
             Was an Elder of Trog.
             Killed by the air
             ... invoked by Gastronok
              (22 damage)
             ... on Level 9 of the Dungeon.
             The game lasted 00:31:46 (7418 turns).

Jenx the Covert (Kobold Berserker)                  Turns: 7418, Time: 00:31:46

HP -11/56        AC 14     Str 18      XL: 10   Next:  1%
MP  10/10        EV 18     Int  5      God: Trog [****..]
Gold 306         SH  0     Dex 17      Spells:  0 memorised,  9 levels left

rFire  . . .     SeeInvis .     a - +0 short sword
rCold  . . .     Clarity  .     k - +3 ring mail
rNeg   . . .     Conserve .     (no shield)
rPois  .         rCorr    .     (no helmet)
rElec  .         rRot     .     (no cloak)
SustAb . .       Spirit   .     (no gloves)
rMut   +         Warding  .     h - +2 pair of boots
Saprov + + .     Stasis   .     q - amulet of resist mutation
                                (no ring)
                                z - +3 ring of protection

@: regenerating, exhausted, slowed, very slow, very resistant to hostile
enchantments, very stealthy
A: disease resistance, carnivore 3, saprovore 2
a: Burn Spellbooks, Berserk, Trog's Hand, Brothers in Arms, Renounce Religion


You were on level 9 of the Dungeon.
You worshipped Trog.
Trog was greatly pleased with you.
You were full.

You visited 2 branches of the dungeon, and saw 10 of its levels.

You collected 306 gold pieces.

Inventory:

Hand weapons
 a - a +0,+0 short sword (weapon)
 b - a +4 elven blowgun
Missiles
 p - 6 curare-tipped needles
 E - 2 tomahawks of returning (quivered)
 F - 13 poisoned needles
Armour
 h - a +2 pair of boots (worn)
 k - a +3 ring mail (worn)
Magical devices
 d - a wand of slowing (0)
 x - a wand of fire (5) {unknown}
 D - a wand of paralysis (13) {unknown}
Comestibles
 c - 4 meat rations
Scrolls
 e - 2 scrolls of teleportation {unknown}
 f - 4 scrolls of remove curse
 s - 2 scrolls of curse weapon {unknown}
 t - a scroll of fear {unknown}
 u - 2 scrolls of curse jewellery {unknown}
 v - a scroll of fog {unknown}
 w - a scroll of immolation {unknown}
 y - 2 scrolls of recharging {unknown}
 A - a scroll of identify
 B - a scroll of enchant weapon II {unknown}
Jewellery
 q - an amulet of resist mutation (around neck)
 z - a +3 ring of protection (left hand)
 C - an uncursed ring of sustain abilities
Potions
 g - 4 potions of curing
 i - a potion of agility {unknown}
 j - a potion of berserk rage
 l - a potion of flight {unknown}
 m - a potion of heal wounds {unknown}
 n - a potion of lignification
 o - 2 potions of might
 r - a potion of magic


   Skills:
 - Level 3.2 Fighting
 + Level 9.3 Short Blades
 - Level 1.5 Armour
 - Level 10.0 Dodging
 - Level 11.0 Stealth


You had 9 spell levels left.
You didn't know any spells.

Dungeon Overview and Level Annotations

Branches:
Dungeon (9/16)             Temple (1/1) D:4
    Orc: D:9-12        Lair: D:8-11

Altars:
Fedhas
Kikubaaqudgha
Makhleb
Okawaru
Vehumet
Xom

Shops:
D:7 [

Annotations:
D:4 Eustachio
D:6 exclusion: door
D:9 Gastronok


Innate Abilities, Weirdness & Mutations

You recuperate from illness quickly.
You are small and have problems with some larger weapons.
You are carnivorous and can eat meat at any time.
You can eat rotten meat.


Message History

The bat hits you but does no damage.
You hit the hobgoblin.
The hobgoblin is moderately wounded.
The bat completely misses you. The bat closely misses you.
You hit the hobgoblin.
The hobgoblin is severely wounded.
The bat closely misses you. The hobgoblin closely misses you.
The gnoll misses you. The bat hits you but does no damage.
The gnoll hits you with a flail.
* * * LOW HITPOINT WARNING * * *
You hit the hobgoblin.
You kill the hobgoblin!
Trog accepts your kill.
You feel the effects of Trog's Hand fading.
The bat hits you but does no damage. The gnoll closely misses you.
The gnoll closely misses you. The bat misses you.
Gastronok waves his eye-stalks in wide circles.
The air twists around and strikes you!
You die...

........(......................
...).....<...............((.....
................................
................................
......(..............g.........
..................###..........
..................# #..........
...............b..###.........
.....<..........@.gj.g........
.................gg.........
...........................
..........................
........................
....................
...........###. ..........#
.......


You could see Gastronok, a gnoll sergeant, 3 gnolls and a bat.

Vanquished Creatures
  Grinder (D:3)
  A wyvern (D:8)
  A sky beast (D:8)
  An orc warrior (D:8)
  3 phantoms
  The ghost of Jenx the Cutter, an average SpAK of Lugonu (D:3)
  3 centaurs
  3 ogres
  5 giant frogs
  5 wights (D:6)
  A crimson imp (D:6)
  A goliath beetle (D:7)
  3 jellies
  A quasit (D:6)
  5 hounds
  2 scorpions
  An orc priest (D:8)
  3 iguanas
  3 orc wizards
  A worker ant (D:8)
  Ijyb (D:2)
  Terence (D:3)
  7 adders
  A giant mite (D:3)
  An inept item mimic (D:2)
  2 worms
  An adder zombie (D:6)
  An adder skeleton (D:5)
  A scorpion zombie (D:5)
  A giant eyeball (D:5)
  4 giant geckos
  2 oozes
  12 orcs
  10 bats
  2 bat skeletons (D:5)
  3 bat zombies (D:5)
  4 giant cockroaches
  14 goblins
  6 hobgoblins
  22 jackals
  13 kobolds
  5 quokkas
  3 ball pythons
  A giant newt skeleton (D:5)
  A kobold zombie (D:5)
  2 orc skeletons
  10 rats
  A rat skeleton (D:5)
  4 rat zombies
181 creatures vanquished.

Notes
Turn   | Place    | Note
--------------------------------------------------------------
     0 | D:1      | Jenx, the Kobold Berserker, began the quest for the Orb.
     0 | D:1      | Reached XP level 1. HP: 14/14 MP: 1/1
    69 | D:1      | Reached skill level 1 in Stealth
   192 | D:1      | Reached XP level 2. HP: 16/19 MP: 2/2
   596 | D:1      | Reached XP level 3. HP: 12/23 MP: 3/3
   716 | D:1      | Acquired Trog's second power
  1252 | D:2      | Noticed Ijyb
  1280 | D:2      | Killed Ijyb
  1280 | D:2      | Reached skill level 5 in Stealth
  1280 | D:2      | Reached XP level 4. HP: 12/28 MP: 4/4
  1932 | D:3      | Noticed Grinder
  1949 | D:3      | Paralysed by Grinder for 3 turns
  1955 | D:3      | Noticed Jenx's ghost (average SpAK)
  2195 | D:3      | Found a burning altar of Makhleb.
  2227 | D:3      | Reached skill level 6 in Stealth
  2227 | D:3      | Reached XP level 5. HP: 14/32 MP: 5/5
  2307 | D:3      | Killed Jenx's ghost
  2307 | D:3      | Reached skill level 7 in Stealth
  2334 | D:3      | Paralysed by Grinder for 6 turns
  2344 | D:3      | Reached XP level 6. HP: 34/37 MP: 6/6
  2372 | D:3      | Paralysed by Grinder for 7 turns
  2383 | D:3      | Paralysed by Grinder for 4 turns
  2391 | D:3      | Paralysed by Grinder for 3 turns
  2400 | D:3      | Paralysed by Grinder for 7 turns
  2410 | D:3      | HP: 1/37 [Grinder (1)]
  2555 | D:3      | Noticed Terence
  2557 | D:3      | Killed Terence
  2736 | D:3      | Paralysed by Grinder for 7 turns
  2777 | D:3      | Killed Grinder
  2777 | D:3      | Reached skill level 5 in Short Blades
  2777 | D:3      | Reached skill level 8 in Stealth
  2777 | D:3      | Reached XP level 7. HP: 14/41 MP: 7/7
  2839 | D:3      | Reached skill level 9 in Stealth
  3066 | D:4      | Noticed Eustachio
  3287 | D:4      | Found an iron altar of Okawaru.
  3370 | D:4      | Found a staircase to the Ecumenical Temple.
  3382 | Temple   | Entered the Ecumenical Temple
  3497 | D:5      | Entered Level 5 of the Dungeon
  3714 | D:5      | Found an ancient bone altar of Kikubaaqudgha.
  4029 | D:5      | Found a radiant altar of Vehumet.
  4063 | D:5      | Reached XP level 8. HP: 46/46 MP: 8/8
  4217 | D:5      | Paralysed by a giant eyeball for 2 turns
  4365 | D:5      | Found a blossoming altar of Fedhas.
  4702 | D:6      | Reached skill level 10 in Stealth
  5097 | D:6      | Reached skill level 11 in Stealth
  5335 | D:6      | Found a shimmering altar of Xom.
  5530 | D:6      | Reached skill level 5 in Dodging
  5651 | D:7      | Reached XP level 9. HP: 51/51 MP: 9/9
  5993 | D:7      | Found Throceize's Antique Armour Emporium.
  7146 | D:8      | Reached skill level 10 in Dodging
  7148 | D:8      | Acquired Trog's third power
  7370 | D:9      | Reached XP level 10. HP: 56/56 MP: 10/10
  7379 | D:9      | Noticed Gastronok
  7404 | D:9      | HP: 1/56 [Gastronok (14)]
  7418 | D:9      | Killed from afar by Gastronok

Action                   |  1- 3 |  4- 6 |  7- 9 | 10-12 || total
-------------------------+-------+-------+-------+-------++-------
Melee: Short sword       |   160 |   194 |   803 |    18 ||  1175
 Fire: Blowgun           |       |       |     4 |     2 ||     6
Throw: Dart              |       |     3 |       |       ||     3
       Stone             |       |       |    12 |       ||    12
Invok: Trog's Hand       |       |     9 |     5 |     2 ||    16
       Berserk           |       |     3 |     2 |     1 ||     6
  Use: Scroll            |       |     5 |     6 |       ||    11
       Potion            |       |       |     1 |       ||     1
 Stab: Sleeping          |     7 |     4 |    19 |       ||    30
       Distracted        |       |       |     2 |       ||     2
